[Event "Late-Titled-Tuesday-Blitz-January-16-2024"]
[Site "Chess.com"]
[Date "2024.01.16"]
[Round "6"]
[White "Quattroporte300"]
[Black "SanchezKelvin"]
[Result "1/2-1/2"]
[WhiteElo "2414"]
[BlackElo "2563"]
[TimeControl "180+1"]
[EndTime "15:04:57 PST"]
[Termination "Game drawn - insufficient material"]

1. e4 e5 2. Nf3 Nc6 3. d4 exd4 4. Nxd4 Qh4 5. Nc3 Bb4 6. Qd3 Nf6 7. Nxc6 dxc6 8. Bd2 O-O 9. g3 Qh5 10. Be2 Bg4 11. f3 Bh3 12. O-O-O Rad8 13. Qc4 a5 14. f4 Bg4 15. Bxg4 Qxg4 16. a3 Be7 17. e5 Nd5 18.
Ne4 Nb6 19. Qc3 a4 20. h3 Qf5 21. Qf3 Qe6 22. Kb1 Nc4 23. Bc3 b5 24. f5 Qh6 25. g4 Bg5 26. Rd3 Rxd3 27. cxd3 Nd2+ 28. Bxd2 Bxd2 29. Qe2 Bf4 30. Nc3 Qg5 31. h4 Qe7 32. Re1 Qc5 33. e6 fxe6 34. Qxe6+ Kh8 35. Qe7 Qxe7 36.
Rxe7 Bd6 37. Re6 h5 38. gxh5 Rxf5 39. Ne4 Rxh5 40. Nxd6 cxd6 41. Rxd6 c5 42. Rb6 c4 43.
dxc4 bxc4 44. Rb4 Rxh4 45. Rxa4 Rf4 46. Kc2 g5 47. Ra6 Kg7 48. Rc6 g4 49. Rd6 g3 50.
Rd1 Kg6 51. a4 Kg5 52. a5 Rf5 53. Kc3 Rxa5 54. Kxc4 Kf4 55. b4 Ra2 56. b5 Kf3 57.
Kc5 Rc2+ 58. Kd6 g2 59. Rg1 Rf2 60. b6 Rf1 61. Rxg2 Kxg2 62. b7 Rb1 63. Kc7 Rxb7+ 64. Kxb7 1/2-1/2

[Event "Late-Titled-Tuesday-Blitz-January-16-2024"]
[Site "Chess.com"]
[Date "2024.01.16"]
[Round "6"]
[White "TEREZANA"]
[Black "Chempiblinka"]
[Result "1-0"]
[WhiteElo "2516"]
[BlackElo "2306"]
[TimeControl "180+1"]
[EndTime "15:05:00 PST"]
[Termination "TEREZANA won on time"]

1. d4 Nf6 2. Nf3 g6 3. Nbd2 c5 4. e3 cxd4 5. exd4 Bg7 6. c3 O-O 7. Be2 d6 8. O-O Nc6 9. Nc4 b5 10. Ne3 Rb8 11. Qc2 e5 12. dxe5 dxe5 13. Rd1 Qe7 14.
b4 Be6 15. a4 a6 16. Ng5 Bd7 17. axb5 axb5 18. Bf3 Rfc8 19. Nd5 Nxd5 20. Bxd5 Nxb4 21. Bxf7+ Qxf7 22. Qb2 Qf5 23. Qxb4 h6 24. Qb3+ Rc4 25. Ra7 hxg5 26. Rdxd7 Bf6 27. h3 e4 28. Be3 Bxc3 29. Qd1 Re8 30. Rd8 Rc8 31. Qd5+ Qxd5 32. Rxd5 Rcd8 33.
Rxd8 Rxd8 34. Bxg5 Rd1+ 35. Kh2 Be5+ 36. g3 b4 37. Rb7 Bc3 38. h4 Rb1 39. h5 gxh5 40.
Kh3 Rh1+ 41. Kg2 Rb1 42. Kh3 b3 43. Kh4 b2 44. Kxh5 Rh1+ 45. Kg6 Bb4 46. Rb8+ Bf8 47. Be7 Rh6+ 48. Kg5 Kf7 49. Bxf8 Rh8 50. Rxb2 Rxf8 51.
Rb4 Re8 52. Kf4 e3 53. fxe3 Kf6 54. e4 Rc8 55. Rb6+ Kf7 56. Kf5 Rc1 57. Rb7+ Kf8 58.
e5 Rc6 59. e6 Rc1 60. Rb8+ Ke7 61. Rb7+ 1-0

[Event "Late-Titled-Tuesday-Blitz-January-16-2024"]
[Site "Chess.com"]
[Date "2024.01.16"]
[Round "6"]
[White "Pachonpower"]
[Black "ahmedkandiliii"]
[Result "0-1"]
[WhiteElo "2251"]
[BlackElo "2414"]
[TimeControl "180+1"]
[EndTime "15:05:03 PST"]
[Termination "ahmedkandiliii won by resignation"]

1. d4 Nf6 2. Nf3 g6 3. Nc3 Bg7 4. Bf4 O-O 5. Qd2 c5 6. e3 d5 7.
O-O-O Nc6 8. Ne5 Nh5 9. Bg3 Nxg3 10. hxg3 Nxe5 11. dxe5 e6 12. f4 Qa5 13. Kb1 Rd8 14. Nb5 Qb6 15. Nc3 a6 16. g4 Qa5 17.
g3 h6 18. g5 hxg5 19. Bd3 c4 20. Bxg6 fxg6 21. Qh2 g4 22. Qh4 Bd7 23. e4 Bc6 24. f5 dxe4 25. fxg6 Rxd1+ 26. Rxd1 Qxe5 27. Qh7+ Kf8 28. Rf1+ Ke7 29. Rf7+ Kd6 30. Qxg7 Qxg7 31. Rxg7 Rf8 32.
a3 e3 33. Rh7 Bf3 34. Kc1 Ke5 35. Rd7 Rh8 36. b3 cxb3 37. cxb3 Rg8 38. g7 Kf6 39. Rd3 e2 40. Re3 Rxg7 41. Nxe2 Rc7+ 42. Nc3 e5 43. Kd2 Rh7 44. Kd3 Rd7+ 45. Kc2 b5 46. b4 Kf5 47. Rd3 Rd4 48. Kd2 Be4 49. Rxd4 exd4 50. Ne2 Ke5 51. Nf4 Bf5 52. Ke2 Ke4 53. Nd3 Kd5 54.
Nc5 Kc4 55. Kd2 a5 56. Na6 a4 57. Nc5 Bg6 58. Ne6 Bf5 59. Nc5 Bc8 60. Nd3 Kb3 61.
Nc5+ Kxa3 62. Kd3 Kxb4 63. Kxd4 a3 64. Nd3+ Kb3 65. Nb4 Kxb4 0-1

[Event "Late-Titled-Tuesday-Blitz-January-16-2024"]
[Site "Chess.com"]
[Date "2024.01.16"]
[Round "6"]
[White "VerdeNotte"]
[Black "FabianoCaruana"]
[Result "1-0"]
[WhiteElo "2894"]
[BlackElo "3019"]
[TimeControl "180+1"]
[EndTime "15:05:04 PST"]
[Termination "VerdeNotte won by resignation"]

1. Nf3 d5 2. c4 d4 3. b4 c5 4. g3 Qc7 5. bxc5 e5 6. Ba3 Nc6 7. d3 Nf6 8. Nfd2 h5 9. Bg2 h4 10. Kf1 Be7 11. Ne4 Nxe4 12. Bxe4 Be6 13. Nd2 O-O-O 14.
Rb1 f5 15. Bg2 h3 16. Bf3 g5 17. Rg1 e4 18. dxe4 g4 19. Bh1 d3 20. e3 Rhf8 21.
Qb3 fxe4 22. Bxe4 Bg5 23. Ke1 Rf7 24. Bd5 Qd7 25. Qxb7+ Qxb7 26. Bxe6+ Kb8 27. Bxf7 Qxb1+ 28. Nxb1 Ne5 29. Bd5 Rxd5 30. cxd5 Nf3+ 31. Kd1 Nxg1 32. Nd2 Bf6 33. Bb4 Be5 34. c6 Kc7 35. Ba5+ Kc8 36.
Nc4 Bc7 37. Bxc7 Kxc7 38. Ne5 Kd6 39. Kc1 a5 40. a4 Ne2+ 41. Kd2 Kc7 42. Nxd3 Ng1 43.
Ne5 Kd6 44. Kd3 Kc7 45. Ke4 Kd6 46. Nxg4 Ne2 47. Nf6 Nc3+ 48. Kd4 Nxa4 49. Ne4+ Kc7 50. Nc5 Nb6 51. Ke5 a4 52. Ne6+ Kc8 53. d6 a3 54.
d7+ Nxd7+ 55. cxd7+ Kxd7 56. Nc5+ Kc6 57. Nb3 Kb5 58.
Kd4 Kb4 59. Na1 a2 60. e4 Ka3 61. Kc3 Ka4 62. Kb2 Kb5 63. Kxa2 Kc4 64. Kb2 Kd4 65.
f3 Ke3 66. e5 Kxf3 67. e6 Kg2 68. e7 Kxh2 69. e8=Q Kxg3 70. Qe4 h2 71. Qh1 1-0

[Event "Late-Titled-Tuesday-Blitz-January-16-2024"]
[Site "Chess.com"]
[Date "2024.01.16"]
[Round "6"]
[White "Hui_Li_Macau"]
[Black "Jbd735"]
[Result "0-1"]
[WhiteElo "2312"]
[BlackElo "2509"]
[TimeControl "180+1"]
[EndTime "15:05:04 PST"]
[Termination "Jbd735 won by resignation"]

1. e4 e5 2. Nf3 Nc6 3. Bb5 a6 4. Ba4 Nf6 5. O-O Be7 6. Re1 b5 7. Bb3 d6 8. c3 O-O 9. h3 Na5 10. Bc2 c5 11. d4 Qc7 12. Nbd2 Nc6 13. d5 Nd8 14. a4 Rb8 15. b4 Ne8 16. Nf1 g6 17.
axb5 axb5 18. Ng3 f6 19. Nh2 Ng7 20. f4 cxb4 21. cxb4 Qc3 22. Bd2 Qxg3 23. Ra7 Rf7 24.
Rf1 Bxh3 25. Qe2 Bc8 26. Bd1 Bf8 27. Be1 Qxe1 28. Qxe1 Rxa7 29. Ng4 Bxg4 30. Bxg4 Rba8 31. fxe5 dxe5 32. Qe2 Bxb4 33. Qxb5 Rb7 34. Qc4 Rb6 35. d6+ Kh8 36. Rxf6 Bxd6 37. Kh2 h5 38. Bh3 Rab8 39.
Rxg6 Bf8 40. Rxb6 Rxb6 41. Qd5 Rd6 42. Qxe5 Rg6 43. Qd5 Bd6+ 44. Kg1 Bc7 45. e5 Bb6+ 46. Kf1 Nge6 47. Ke2 Nf4+ 48. Kf3 Nxd5 49. Ke4 Ne7 50.
g4 Rg7 51. gxh5 Rg3 52. Bd7 Rg5 53. h6 Bc7 54. Kf4 Rxe5 55. Kg4 Ng8 56. Kf3 Nf6 57.
Bh3 Rh5 58. Bf1 Rxh6 59. Bd3 Kg7 60. Ke2 Kf8 61. Kd1 Ke7 62. Kc2 Ne6 0-1

[Event "Late-Titled-Tuesday-Blitz-January-16-2024"]
[Site "Chess.com"]
[Date "2024.01.16"]
[Round "6"]
[White "OparinGrigoriy"]
[Black "mbojan"]
[Result "1-0"]
[WhiteElo "3052"]
[BlackElo "2857"]
[TimeControl "180+1"]
[EndTime "15:05:07 PST"]
[Termination "OparinGrigoriy won on time"]

1. c4 g6 2. Nc3 Bg7 3. g3 d6 4.
Bg2 Nc6 5. Nf3 Bd7 6. h4 h5 7. d3 Qc8 8. Rb1 a5 9. Bd2 Nf6 10. a3 O-O 11. b4 axb4 12. axb4 e5 13. b5 Nd4 14. Ng5 Bg4 15. O-O Ra3 16. f3 Be6 17. e3 Nf5 18. Qe1 Nh7 19. Nxe6 fxe6 20. Kh2 Qd7 21. g4 Nh6 22. gxh5 gxh5 23. e4 Kh8 24.
Bh3 Qe7 25. Qg3 Ng8 26. Ra1 Rxa1 27. Rxa1 Bf6 28. Be1 Nh6 29. Ne2 Rg8 30. Qf2 b6 31.
Ra7 Qf7 32. Bd2 Rg6 33. Bxh6 Rxh6 34. Qxb6 cxb6 35. Rxf7 Bxh4 36. f4 exf4 37. Nxf4 Ng5 38. Rb7 Rf6 39. Rb8+ Kh7 40. Nxh5 Rf3 41. Bg4 Rxd3 42.
Rxb6 Rd2+ 43. Kh1 Nxe4 44. Rb7+ Kh6 45. Bf3 Nf2+ 46. Kg2 Kg5 47. Rg7+ Kh6 48. Rf7 Kg5 49. Rg7+ Kh6 50. Rg8 Nd3+ 51. Kh3 Bg5 52. Rh8+ Kg6 53. Be4+ Kf7 54. Rh7+ Kf8 55. Bxd3 Rxd3+ 56. Kg4 Be7 57. Nf4 Rd4 58. Kf3 Rxc4 59. Ng6+ Kg8 60. Rxe7 Rb4 61. Rb7 e5 62. b6 d5 63. Ne7+ Kf8 64. Nxd5 e4+ 65.
Ke3 Rxb6 66. Rxb6 Ke8 67. Rb7 Kd8 68. Re7 Kc8 69. Kxe4 Kb8 70. Ke5 Ka8 71. Kd6 Kb8 72. Kc6 Ka8 73. Nb6+ 1-0

[Event "Late-Titled-Tuesday-Blitz-January-16-2024"]
[Site "Chess.com"]
[Date "2024.01.16"]
[Round "6"]
[White "ShahMatKanal"]
[Black "Incognito_Knight"]
[Result "1/2-1/2"]
[WhiteElo "2528"]
[BlackElo "2747"]
[TimeControl "180+1"]
[EndTime "15:05:07 PST"]
[Termination "Game drawn - insufficient material"]

1. d4 d5 2. c4 e6 3. cxd5 exd5 4.
Nc3 c6 5. Bf4 Bd6 6. Bxd6 Qxd6 7.
e3 Bf5 8. Bd3 Bxd3 9. Qxd3 Nf6 10. Nf3 O-O 11. O-O Nbd7 12. Rab1 a5 13. a4 Rfe8 14.
Qc2 Nb8 15. Qb3 Qb4 16. Qc2 Na6 17. Na2 Qd6 18. Nd2 g6 19. Qc3 Nb4 20. Qa3 Kg7 21. Nb3 Ng4 22. g3 Qe7 23. Nc5 Nxa2 24. Qxa2 h5 25.
b4 h4 26. Rfe1 hxg3 27. fxg3 Nxe3 28. bxa5 Qg5 29. Rxb7 Qf6 30. Qf2 Qxf2+ 31. Kxf2 Ng4+ 32. Kf1 Nxh2+ 33. Kf2 Ng4+ 34. Kf1 Nh2+ 35. Kf2 Rxe1 36.
Kxe1 Nf3+ 37. Kf2 Nxd4 38. a6 Kf6 39. a7 Ne6 40. Nd7+ Kf5 41. Nb6 Rd8 42. Rxf7+ Ke5 43.
a8=Q Rxa8 44. Nxa8 d4 45. Nb6 c5 46. a5 Ng5 47. Re7+ Kd6 48. Re1 Kc6 49. Nc4 Kb5 50. Rc1 Ne4+ 51. Kf3 Nc3 52. Nd6+ Kxa5 53. Ne4 Kb4 54.
Nxc3 dxc3 55. Ke3 Kb3 56. Kd3 c4+ 57. Kd4 c2 58. g4 Kb2 59. Rxc2+ Kxc2 60. Kxc4 Kd2 61.
Kd4 Ke2 62. Ke4 Kf2 63. Kf4 Kg2 64. Kg5 Kg3 65. Kxg6 Kxg4 1/2-1/2

[Event "Late-Titled-Tuesday-Blitz-January-16-2024"]
[Site "Chess.com"]
[Date "2024.01.16"]
[Round "6"]
[White "JSPrepz"]
[Black "SCIM"]
[Result "0-1"]
[WhiteElo "2873"]
[BlackElo "2593"]
[TimeControl "180+1"]
[EndTime "15:05:08 PST"]
[Termination "SCIM won on time"]

1. e4 e5 2. Nf3 Nc6 3. Nc3 Nf6 4. a3 d6 5. d4 exd4 6. Nxd4 Be7 7. Nxc6 bxc6 8. Bd3 O-O 9. O-O Re8 10. Re1 Bf8 11. h3 g6 12. b3 Bg7 13. Bb2 d5 14. exd5 cxd5 15. Rxe8+ Qxe8 16. Qd2 Be6 17. Re1 Qd7 18.
Qf4 Nh5 19. Qf3 Rd8 20. Na4 Bxb2 21. Nxb2 c5 22. Na4 Qd6 23. Bf1 d4 24. Nb2 Bd5 25. Qg4 Nf6 26. Qh4 Kg7 27. Nc4 Bxc4 28. Bxc4 Re8 29. Rxe8 Nxe8 30. Qe4 Nf6 31. Qb7 Qd7 32. Qb8 Qe7 33. Kh2 h5 34. Qf4 Ne4 35. Kg1 Nc3 36. Qf3 Qe1+ 37. Kh2 Qe5+ 38. g3 Qe7 39. Bd3 Qf6 40. Kg2 Qxf3+ 41. Kxf3 Kf6 42. g4 hxg4+ 43.
hxg4 Ke5 44. Kg3 g5 45. Kf3 f6 46. Bg6 Nb1 47. a4 Nc3 48. Bd3 Nd5 49. Bc4 Nb4 50. Bd3 Nd5 51. Bf5 Nb4 52. Be4 Na2 53. Bd3 Nc3 54.
Kg3 Nd5 55. Kf3 Nb4 56. Bf5 Na2 57. Ke2 Nb4 58. Kd2 Nd5 59. Kd3 Nf4+ 60. Kc4 Kd6 61. Kb5 Nh3 62. Ka6 Nxf2 63. Kxa7 Nd1 64. Ka6 Ne3 65. Bd3 Nxg4 66. Kb6 Ne5 0-1

[Event "Late-Titled-Tuesday-Blitz-January-16-2024"]
[Site "Chess.com"]
[Date "2024.01.16"]
[Round "6"]
[White "RobertoJBM"]
[Black "AldokhinIvan"]
[Result "1-0"]
[WhiteElo "2797"]
[BlackElo "2585"]
[TimeControl "180+1"]
[EndTime "15:05:10 PST"]
[Termination "RobertoJBM won by resignation"]

1. d4 Nf6 2. c4 g6 3. Nc3 Bg7 4. e4 d6 5. f3 O-O 6. Be3 c6 7. Qd2 d5 8. e5 Nfd7 9. cxd5 cxd5 10. Nxd5 Nc6 11. f4 f6 12. Nf3 fxe5 13. dxe5 e6 14. Nc3 Qe7 15. O-O-O Nb6 16. Ne4 Rd8 17. Nd6 Nd5 18. Bc4 Rxd6 19. exd6 Qxd6 20. Bxd5 exd5 21. Qxd5+ Qxd5 22. Rxd5 Be6 23. Rd6 Bxa2 24. Nd4 Nb4 25. Kd2 Re8 26. g3 Bd5 27. Rc1 Be4 28. Rd7 Nd5 29. Bg1 Bf8 30. Nc2 Nf6 31. Rd4 Bc6 32.
Re1 Ne4+ 33. Kc1 Bg7 34. Rd3 Kf7 35. Bd4 Bf8 36. Rde3 a5 37. Kb1 Nd6 38. Rxe8 Nxe8 39.
Be5 a4 40. Nd4 Bd5 41. Kc2 Nd6 42. Bxd6 Bxd6 43. Kd3 Bc7 44. Rc1 Bb6 45. Rc8 Kf6 46.
Ra8 Bxd4 47. Kxd4 Bc6 48. Ra5 h5 49. Re5 Kf7 50. Kc5 Kf6 51. Kd6 Kf7 52. Re6 Kg7 53. Ke5 Kf7 54. Rd6 Kg7 55. f5 gxf5 56. Kxf5 Kf7 57. Rh6 Bf3 58. Kf4 Bd1 59. Rh7+ Ke6 60. Rxb7 Kd5 61. Rd7+ Kc4 62. Rxd1 Kb3 63. Rd2 1-0

[Event "Late-Titled-Tuesday-Blitz-January-16-2024"]
[Site "Chess.com"]
[Date "2024.01.16"]
[Round "6"]
[White "Brahianzevich"]
[Black "Felix-Rose"]
[Result "1-0"]
[WhiteElo "2431"]
[BlackElo "2233"]
[TimeControl "180+1"]
[EndTime "15:05:11 PST"]
[Termination "Brahianzevich won on time"]

1. e4 e5 2. Nf3 Nc6 3. Bb5 a6 4. Ba4 Nf6 5. O-O b5 6. Bb3 Bc5 7. c3 d6 8. d4 Bb6 9. Be3 O-O 10. Nbd2 Bb7 11. dxe5 Bxe3 12. exf6 Bb6 13. fxg7 Re8 14. a4 Ne5 15. Qe2 Qf6 16. axb5 Nxf3+ 17. Qxf3 Qxf3 18. Nxf3 Kxg7 19. bxa6 Bxa6 20. Rfe1 Bd3 21. Rxa8 Rxa8 22. Bd5 Rb8 23. Ng5 f6 24. Ne6+ Kh8 25. Nf4 Bb5 26. g3 c6 27. Be6 Bc5 28. b4 Ba7 29. Rd1 Rd8 30. Kg2 c5 31. bxc5 Bxc5 32. Nd5 Kg7 33. Ra1 Bc4 34. Ra4 Bxd5 35. Bxd5 Rc8 36. h4 Rb8 37.
Ra2 Rc8 38. Rb2 Rc7 39. Kf3 Ba3 40. Rb3 Bc5 41. c4 Re7 42. Rb8 h6 43. h5 Bd4 44.
Rg8+ Kh7 45. Rg6 Rg7 46. Rxg7+ Kxg7 47. Ke2 f5 48. exf5 Kf6 49. Be6 Bc3 50. f4 Bb4 51.
Kf3 Be1 52. g4 Bd2 53. Ke4 Bc1 54. Bd5 Bd2 55. Be6 Bc1 56. Kf3 Bd2 57. g5+ hxg5 58. h6 gxf4 59. h7 Kg7 60. Bg8 Bc3 61. Kxf4 Be5+ 62.
Ke4 Kf8 63. Kd5 Ke7 64. c5 1-0

[Event "Late-Titled-Tuesday-Blitz-January-16-2024"]
[Site "Chess.com"]
[Date "2024.01.16"]
[Round "6"]
[White "alexrustemov"]
[Black "BogdanDeac"]
[Result "0-1"]
[WhiteElo "2849"]
[BlackElo "3033"]
[TimeControl "180+1"]
[EndTime "15:05:13 PST"]
[Termination "BogdanDeac won on time"]

1. d4 d5 2. c4 e6 3. Nf3 Nf6 4. cxd5 exd5 5. Nc3 c5 6. g3 Nc6 7. Bg2 h6 8. O-O Be6 9. Be3 c4 10. Ne5 Rc8 11. Bf4 Bb4 12. a3 Bxc3 13. bxc3 O-O 14.
Nxc6 Rxc6 15. a4 Qa5 16. Qc2 Rfc8 17. Rfb1 Rb6 18. h3 Ne4 19. Rxb6 axb6 20. Bxe4 dxe4 21.
Kg2 Bd5 22. Kh2 b5 23. Bd6 Ra8 24. Bb4 Qa6 25. a5 Qf6 26. Kg1 Qf5 27. g4 Qg5 28.
Qc1 Qh4 29. Kg2 Qf6 30. Qe3 Re8 31. Kh2 Re6 32. Rg1 g5 33. Qg3 Qd8 34. Ra1 Kh7 35.
Bc5 Kg6 36. Bb4 Kh7 37. Bc5 Qf6 38. Bb4 Qf4 39. Qxf4 gxf4 40. Bc5 Kg6 41. Ba7 f3 42. e3 h5 43. Kg3 f6 44. gxh5+ Kxh5 45. Kf4 Kg6 46.
Rg1+ Kf7 47. h4 Re8 48. h5 Rh8 49. Rh1 Rh6 50. Bb8 Ke6 51. Kg3 Kf5 52. Bf4 Rh7 53. h6 Kg6 54. Kh4 Rf7 55. Rg1+ Kh7 56. Kh5 Bc6 57.
Rg3 Be8 58. Kh4 Bd7 59. Rg1 Bf5 60. Ra1 Bc8 61. Rb1 Bd7 62. Rb2 Rf8 63. Bg3 Rg8 64. Kh5 Rg5+ 65. Kh4 Rg4+ 66. Kh5 f5 0-1

[Event "Late-Titled-Tuesday-Blitz-January-16-2024"]
[Site "Chess.com"]
[Date "2024.01.16"]
[Round "6"]
[White "IPAchess"]
[Black "yaguigor"]
[Result "0-1"]
[WhiteElo "2391"]
[BlackElo "2633"]
[TimeControl "180+1"]
[EndTime "15:05:13 PST"]
[Termination "yaguigor won on time"]

1. d4 d5 2. c4 c6 3. Nf3 Nf6 4. Nc3 e6 5. Bg5 h6 6. Bxf6 Qxf6 7. e3 Nd7 8. Be2 g6 9. O-O Bg7 10. e4 dxc4 11. e5 Qe7 12. Nd2 O-O 13. Nxc4 c5 14. f4 cxd4 15. Qxd4 Qc5 16. Qxc5 Nxc5 17. b4 Na6 18. a3 Bd7 19. Rfd1 Rad8 20. Na5 Bc8 21. Bxa6 bxa6 22. Nc6 Rd7 23. Ne4 Rxd1+ 24. Rxd1 Bb7 25. Rd6 g5 26. g3 gxf4 27. gxf4 Kh7 28. Nc5 Bxc6 29. Rxc6 Kg6 30. Kf2 a5 31. bxa5 Rb8 32. Rc7 Bf8 33. Nd7 Rb2+ 34. Kg3 Rb3+ 35. Kg2 Rb2+ 36. Kf3 Rb3+ 37. Ke4 Bxa3 38. Rxa7 Bc1 39. Nf8+ Kg7 40. Nxe6+ Kg8 41. Nd4 Rb4 42. Rd7 Ra4 43.
Rd5 Bb2 44. f5 Kg7 45. f6+ Kg6 46. Rd8 Bxd4 47. Rxd4 Rxa5 48. Rb4 Ra2 49. h4 Re2+ 50. Kf4 Rf2+ 51. Kg4 h5+ 52. Kg3 Re2 53. Kf4 Rg2 54.
Rb8 Rg4+ 55. Kf3 Rxh4 56. Rg8+ Kf5 57. Rg7 Ke6 58. Rh7 Rh2 59. Kf4 Rh4+ 60. Kg5 Re4 61.
Kxh5 Rxe5+ 62. Kg4 Rf5 63. Rxf7 Rxf6 0-1

[Event "Late-Titled-Tuesday-Blitz-January-16-2024"]
[Site "Chess.com"]
[Date "2024.01.16"]
[Round "6"]
[White "Gryffindorac8"]
[Black "nindjaxx8"]
[Result "1-0"]
[WhiteElo "2392"]
[BlackElo "2549"]
[TimeControl "180+1"]
[EndTime "15:05:14 PST"]
[Termination "Gryffindorac8 won on time"]

1. d4 d5 2. c4 e6 3. Nf3 Nf6 4.
g3 Be7 5. Bg2 O-O 6. O-O b6 7.
cxd5 exd5 8. Nc3 Bb7 9. Bf4 c6 10.
Ne5 Nbd7 11. Qc2 Nxe5 12. dxe5 Nd7 13. Rad1 Qe8 14. e4 dxe4 15. Nxe4 Nc5 16. Nd6 Bxd6 17.
exd6 Rd8 18. Rfe1 Ne6 19. d7 Rxd7 20. Bd6 c5 21. Bxf8 Rxd1 22. Qxd1 Bxg2 23. Kxg2 Qxf8 24. Qd7 Qa8+ 25. Kg1 h6 26. h4 Qf3 27. Qxa7 b5 28. Qb8+ Kh7 29. Qxb5 Qd5 30. Qb3 Qc6 31. Qc2+ g6 32.
Qe4 Qb6 33. b3 Qa5 34. Rd1 Qxa2 35. Rd7 Kg8 36. Qf3 f5 37. Qd5 Qa1+ 38. Kg2 Qf6 39. Rd6 Kf7 40. Rd7+ Kg8 41. Qa8+ Nf8 42. Rd8 f4 43.
Qd5+ Kh8 44. Qf3 g5 45. hxg5 hxg5 46. Qh5+ Kg8 47. gxf4 gxf4 48. Qg4+ Kf7 49. Rb8 Ne6 50.
Rb7+ Kf8 51. Qf3 Nd4 52. Qd5 f3+ 53. Kf1 Ne6 54. Rb8+ Kg7 55. Rb7+ Kg6 56. Qd3+ Kh6 57. Qh7+ Kg5 58. Qg8+ Kf4 59. Rf7 Qxf7 60. Qxf7+ Ke5 61. Qb7 Nd4 62. Qa8 Kf4 63. Qa5 Ke5 64. Qxc5+ Ke4 65.
Qc4 Ke5 66. b4 Ke4 67. b5 Ke5 68. b6 Ke4 69. b7 Ke5 70. b8=Q+ Ke4 71. Qg3 1-0

[Event "Late-Titled-Tuesday-Blitz-January-16-2024"]
[Site "Chess.com"]
[Date "2024.01.16"]
[Round "6"]
[White "Sanyura"]
[Black "cthulhuuu"]
[Result "0-1"]
[WhiteElo "2615"]
[BlackElo "2447"]
[TimeControl "180+1"]
[EndTime "15:05:17 PST"]
[Termination "cthulhuuu won by resignation"]

1. e4 d6 2. d4 Nf6 3. Bd3 e5 4.
c3 Be7 5. Nf3 Nbd7 6. O-O O-O 7.
Bg5 c6 8. Nbd2 Re8 9. Re1 h6 10.
Bh4 Nh7 11. Bxe7 Qxe7 12. Nf1 Ng5 13. Ng3 g6 14. Bc2 Kg7 15. Qe2 Qf6 16. Nxg5 Qxg5 17. Rad1 h5 18. dxe5 dxe5 19. Qe3 Qxe3 20. Rxe3 h4 21.
Nf1 Nc5 22. f3 a5 23. Re2 Be6 24. b3 Red8 25. Red2 Rxd2 26. Rxd2 Kf8 27. Kf2 Ke7 28. Ke3 Rd8 29. Rxd8 Kxd8 30. f4 exf4+ 31. Kxf4 f6 32. e5 g5+ 33. Ke3 fxe5 34. Nd2 Bd5 35. g3 hxg3 36. hxg3 Ke7 37. c4 Be6 38. a3 Kf6 39. b4 axb4 40. axb4 Na6 41. Ne4+ Kg6 42. b5 Nb4 43. Bb3 cxb5 44. Nc5 bxc4 45. Bd1 Bd5 46. Kd2 b6 47. Nd7 Nc6 48. Nxb6 Be6 49. Bc2+ Kh5 50.
Bd1+ Kg6 51. Bc2+ Kf6 52. Kc3 Nd4 53. Be4 Ne2+ 54. Kd2 Nxg3 55. Bg2 Nf5 56. Bf1 g4 57.
Bxc4 Bxc4 58. Nxc4 Ke6 59. Ke2 Kd5 60. Nd2 Kd4 61.
Kf2 e4 62. Nf1 e3+ 63. Ke2 Ke4 64. Ke1 Nd4 65. Ng3+ Kf3 0-1

[Event "Late-Titled-Tuesday-Blitz-January-16-2024"]
[Site "Chess.com"]
[Date "2024.01.16"]
[Round "6"]
[White "Petukhov_Dmitry"]
[Black "dmitrijiIM"]
[Result "0-1"]
[WhiteElo "2553"]
[BlackElo "2885"]
[TimeControl "180+1"]
[EndTime "15:05:18 PST"]
[Termination "dmitrijiIM won by resignation"]

1. e4 e5 2. Nf3 Nc6 3. Bb5 Nge7 4.
O-O Ng6 5. d4 exd4 6. Nxd4 Nxd4 7. Qxd4 c6 8. Be2 Qb6 9. Qxb6 axb6 10. a3 b5 11. c3 Bc5 12. Nd2 O-O 13. Nb3 Bb6 14. Nd4 Re8 15. Bd3 d6 16. Be3 Ne5 17. Bc2 Nc4 18. Bc1 Bd7 19. b3 Ne5 20. Re1 Ng6 21. Be3 Bc5 22. b4 Bb6 23. Red1 Ne5 24.
Bb3 Ng4 25. Bf4 Rxe4 26. Bxd6 Bxd4 27. cxd4 Be6 28. Bc2 Re2 29. Bd3 Rb2 30. Bg3 Bd5 31. Re1 Rb3 32. Bc2 Rc3 33. Bf5 Nf6 34. Re3 Rxe3 35. fxe3 Be4 36. Bh3 Nd5 37. Kf2 f5 38. Be5 h5 39. g3 Nxb4 40. Bf1 Nd5 41. Be2 g6 42. h3 Nc3 43. g4 Nxe2 44. Kxe2 hxg4 45.
hxg4 fxg4 46. Bd6 Kf7 47. Rg1 Ke6 48. Bb4 Bf5 49. Rf1 Rh8 50. Rf2 g3 51. Rg2 Rh2 52. Kf3 Be4+ 53. Kxe4 Rxg2 54. Kf3 Rg1 55. e4 g2 56. Kf2 Rd1 57. d5+ cxd5 58. exd5+ Rxd5 59. Kxg2 Rf5 60. Kg3 Kd5 61. Kg4 Kc4 0-1

[Event "Late-Titled-Tuesday-Blitz-January-16-2024"]
[Site "Chess.com"]
[Date "2024.01.16"]
[Round "6"]
[White "ImportedItalianMaple"]
[Black "reevecanada"]
[Result "0-1"]
[WhiteElo "2422"]
[BlackElo "2638"]
[TimeControl "180+1"]
[EndTime "15:05:18 PST"]
[Termination "reevecanada won on time"]

1. e4 c5 2. Nf3 d6 3. d4 cxd4 4. Qxd4 Nc6 5. Qe3 Nf6 6. Be2 g6 7. O-O Bg7 8. Rd1 Nd7 9. Nc3 O-O 10. Nd5 Nb6 11. Nxb6 Qxb6 12. Qxb6 axb6 13. c3 Nb8 14. Be3 Nd7 15. Nd4 Nc5 16. f3 Bd7 17. Bb5 Rfc8 18. Bxd7 Nxd7 19. Nc2 b5 20. Nb4 Bf8 21. Kf2 Ne5 22. Nd5 Nc4 23. Bc1 e6 24. Nf6+ Kg7 25.
Ng4 Be7 26. b3 Na3 27. Bb2 h5 28. c4+ Kg8 29. Nf6+ Kf8 30. Nd7+ Ke8 31. Nb6 b4 32.
Bxa3 bxa3 33. Nxa8 Rxa8 34. Rd3 Ra5 35. Rad1 b5 36. Rc1 b4 37. Rcd1 Kd7 38. g3 Rg5 39.
f4 Rc5 40. Kf3 Ke8 41. h3 Rc6 42. g4 h4 43. g5 Rc5 44. Kg4 Kd7 45. Kxh4 Kc6 46.
Kg4 Ra5 47. h4 Ra8 48. f5 gxf5+ 49. exf5 Re8 50. Re3 e5 51. f6 Bd8 52. h5 Rg8 53. Kf5 Rh8 54. Rh3 Kc5 55. Rdd3 Kc6 56. g6 Rh6 57. g7 Rxf6+ 58. Ke4 Rf4+ 59. Ke3 Bb6+ 60. Ke2 Rf2+ 61. Ke1 Rg2 62. Rdg3 Bf2+ 63. Kf1 Rxg3 64.
Rxg3 Bxg3 65. g8=Q Bf4 66. Qxf7 Kc5 67. Ke2 Kd4 68. Qg6 Kc3 69. Qxd6 Kb2 70. Qxb4 Kxa2 71. c5 Kb2 72. Qxa3+ Kxa3 73. c6 e4 0-1

[Event "Late-Titled-Tuesday-Blitz-January-16-2024"]
[Site "Chess.com"]
[Date "2024.01.16"]
[Round "6"]
[White "krzyzan94"]
[Black "rasmussvane"]
[Result "1/2-1/2"]
[WhiteElo "2826"]
[BlackElo "2979"]
[TimeControl "180+1"]
[EndTime "15:05:33 PST"]
[Termination "Game drawn - insufficient material"]

1. e4 c6 2. d4 d5 3. e5 Bf5 4. c4 e6 5. Nc3 Ne7 6. h3 Nd7 7. a3 h6 8. Nf3 dxc4 9. Bxc4 Nb6 10. Bb3 Ned5 11. Bd2 Be7 12. O-O O-O 13. Qe2 Rc8 14.
Ne4 Nd7 15. Rad1 Qb6 16. Bc4 Rfd8 17. b4 Nf8 18. Ng3 Bh7 19. Bd3 Bxd3 20. Qxd3 Qb5 21.
Qe4 b6 22. Nh5 f5 23. exf6 Nxf6 24. Nxf6+ Bxf6 25. Rfe1 Qf5 26. Rc1 Qxe4 27. Rxe4 Rd5 28. Bf4 Ng6 29. Bg3 Kf7 30. Rce1 Re8 31. Rc1 Rc8 32. Rce1 Nf8 33. Ne5+ Bxe5 34. Bxe5 Ng6 35. Bg3 Re8 36. Rc1 Ne7 37. Be5 a5 38. Rf4+ Kg8 39.
Rg4 g6 40. Rf4 axb4 41. axb4 Rf8 42. Re4 Kf7 43. Ra1 Rfd8 44. Rf4+ Ke8 45. Ra6 Rb5 46. Rf6 Rxb4 47. Rxe6 Kf7 48. Rf6+ Ke8 49. Ra7 Rd7 50. Ra6 Rb1+ 51. Kh2 Rb2 52. f4 Re2 53. h4 Rb2 54. h5 gxh5 55. Rxh6 Nf5 56. Ra8+ Ke7 57. Rh7+ Ke6 58. Re8+ Re7 59. Rexe7+ Nxe7 60. Rxh5 Nf5 61. Rg5 b5 62. Kh3 Rb3+ 63. Kh2 Rb2 64.
Kh3 Rb3+ 65. Kh2 b4 66. g4 Nh4 67. Rg6+ Kd5 68. Rd6+ Ke4 69. f5 Nf3+ 70. Kg2 Nxe5 71.
dxe5 Kxe5 72. Re6+ Kf4 73. f6 Kxg4 74. Rxc6 Rg3+ 75.
Kf2 Rf3+ 76. Ke2 Rf5 77. Rb6 Kg5 78. Rxb4 Kxf6 79. Ke3 Re5+ 80. Re4 Rxe4+ 81. Kxe4 1/2-1/2

[Event "Late-Titled-Tuesday-Blitz-January-16-2024"]
[Site "Chess.com"]
[Date "2024.01.16"]
[Round "6"]
[White "M1711"]
[Black "Practical-Play"]
[Result "0-1"]
[WhiteElo "2654"]
[BlackElo "2515"]
[TimeControl "180+1"]
[EndTime "15:05:34 PST"]
[Termination "Practical-Play won on time"]

1. e4 e5 2. f4 d5 3. exd5 exf4 4. Bc4 Qh4+ 5. Kf1 f3 6. Bb5+ c6 7. Nxf3 Qh5 8. Qe2+ Be7 9. dxc6 Nxc6 10. Nc3 Nf6 11.
d3 Be6 12. Bf4 O-O 13. Bxc6 bxc6 14. h3 Rfe8 15. Re1 Bc5 16. Qd2 Qf5 17. Be3 Nh5 18. Kf2 Bd6 19. g4 Bg3+ 20. Kg2 Bxe1 21. Rxe1 Qg6 22. Nh4 Qf6 23. Bg5 Qd4 24. gxh5 f6 25.
Bf4 Bxh3+ 26. Kg3 Rxe1 27. Qxe1 Bd7 28. Qe4 Qg1+ 29. Qg2 Qe1+ 30. Qf2 Qe6 31. Qe2 Qh3+ 32. Kf2 Qxh4+ 33. Bg3 Qg4 34. h6 Qxe2+ 35. Nxe2 gxh6 36. b4 a5 37. a3 axb4 38. axb4 Ra2 39. Nd4 h5 40. Ke3 Rb2 41. c3 Rg2 42. Kf3 Rb2 43. Ke3 Kf7 44. Nf3 Kg6 45. Bc7 Kf5 46. Bd8 Kg4 47. Bxf6 Rb1 48. Ne5+ Kf5 49. Nxd7 Ke6 50.
Nb8 Kxf6 51. Nxc6 h4 52. Kf3 Kf5 53. Nd4+ Kg5 54. b5 Rf1+ 55. Kg2 Rc1 56. b6 Rb1 57.
Nf3+ Kg4 58. Ne5+ Kf5 59. Nc4 Kg4 60. Ne5+ Kf5 61. Nc4 Kf4 62. Kh3 Kf3 63. Kxh4 Kf4 64. Kh3 Kf3 65. Kh4 Ke2 66. d4 Kd3 67. Ne5+ Kxc3 68.
d5 Kd4 69. Nf7 Kxd5 70. Ng5 h6 71. Nf7 Rxb6 72. Kh5 Rf6 73. Nxh6 Rf1 74. Kg4 Ke4 75. Kg3 Rf6 76. Ng4 Rg6 77. Kh4 Kf4 0-1